 Dungeon Crawl Stone Soup version 0.31-a0-1591-g515db51633 (webtiles) character file.

Game seed: 7626477454795811717

620066 GrimJard the Conqueror (level 27, 0/245 HPs)
             Began as a Hill Orc Fighter on Jan 3, 2024.
             Was a High Priest of Trog.
             Killed from afar by an electric golem (26 damage)
             ... with a bolt of lightning
             ... on level 5 of the Realm of Zot on Jan 6, 2024.
             The game lasted 05:55:20 (84085 turns).

GrimJard the Conqueror (Hill Orc Fighter)          Turns: 84085, Time: 05:55:20

Health: 0/245      AC: 26    Str: 36    XL:     27
Magic:  23/23      EV: 21    Int: 10    God:    Trog [*****.]
Gold:   3553       SH: 24    Dex: 15    Spells: 26/26 levels left

rFire   + + .        a - +9 demon trident (spect)
rCold   . . .        c - +3 tower shield
rNeg    . . .        e - +1 plate armour {rF+}
rPois   +            p - +2 hat {Will+}
rElec   .            q - scarf {repulsion}
rCorr   .            O - +2 pair of gloves
SInv    .            f - +2 pair of boots "Koepeos" {Regen+}
Will    +++++        x - amulet of faith Stlth
                     h - ring of Fousesm {Fire Dex+2}
HPRegen 2.40/turn    G - ring of Hyzxente {rC+ EV+5 Str+3 Int+2 Dex+3}
MPRegen 0.18/turn

%: random rage (3%), repel missiles, faith
@: about to teleport, strong-willed, regenerating, unable to drink
A: fangs 1, horns 1, berserk 1, deformed body, frail 1, poison resistance,
screaming 1, no potion heal 1, subdued magic 1, devolution 1, persistent drain
0: Orb of Zot
}: 3/15 runes: decaying, silver, gossamer
a: Renounce Religion, Berserk, Trog's Hand, Brothers in Arms


You were on level 5 of the Realm of Zot.
You worshipped Trog.
Trog was extremely pleased with you.
You visited 10 branches of the dungeon, and saw 48 of its levels.
You visited the Abyss 1 time.
You also visited: Gauntlet and Ice Cave.

You collected 7689 gold pieces.
You spent 4136 gold pieces at shops.

Inventory:

Hand Weapons
 a - a +9 spectral demon trident (weapon)
 b - the +6 trident of Exquisite Torment {antimagic, rPois Dex+2}
   (Trog gifted it to you on level 4 of the Vaults)

   Dex+2:     It affects your dexterity (+2).
   rPois:     It protects you from poison
Missiles
 r - a javelin
 I - 19 boomerangs (quivered)
Armour
 c - a +3 tower shield (worn)
 e - a +1 plate armour of fire resistance (worn)
 f - the +2 pair of boots "Koepeos" (worn) {Regen+}
   (You found it on level 2 of the Elven Halls)

   Regen+:    It increases your rate of health regeneration.
 p - a +2 hat of willpower (worn)
 q - a scarf of repulsion (worn)
 O - a +2 pair of gloves (worn)
Jewellery
 d - a +5 ring of evasion
 h - the ring of Fousesm (left hand) {Fire Dex+2}
   (You acquired it on level 2 of the Spider Nest)

   [ring of fire]

   Fire:      It enhances your fire magic.
   Dex+2:     It affects your dexterity (+2).
   rF+:       It protects you from fire.
   rC-:       It makes you vulnerable to cold.
 l - a ring of fire
 m - a ring of see invisible
 s - a ring of resist corrosion
 x - an amulet of faith (around neck)
 F - a ring of positive energy
 G - the ring of Hyzxente (right hand) {rC+ EV+5 Str+3 Int+2 Dex+3}
   (You took it off a deep elf elementalist on level 3 of the Elven Halls)

   [ring of evasion]

   EV+5:      It affects your evasion (+5).
   Str+3:     It affects your strength (+3).
   Int+2:     It affects your intelligence (+2).
   Dex+3:     It affects your dexterity (+3).
   rC+:       It protects you from cold.
 H - the ring "Oxuiler" {rElec Will+}
   (You found it on level 8 of the Dungeon)

   [ring of willpower]

   rElec:     It insulates you from electricity.
   Will+:     It increases your willpower.
 K - a +6 ring of strength
 X - a +4 ring of slaying
Wands
 t - a wand of paralysis (45)
 v - a wand of light (18)
 D - a wand of polymorph (14)
 R - a wand of digging (35)
 S - a wand of roots (39)
 W - a wand of mindburst (47)
Scrolls
 o - 5 scrolls of fear
 y - 5 scrolls of poison
 z - 10 scrolls of immolation
 J - a scroll of silence
 M - 2 scrolls of butterflies
 P - 6 scrolls of vulnerability
 T - 5 scrolls of fog
 U - 6 scrolls of revelation
 Z - 9 scrolls of teleportation
Potions
 g - 4 potions of resistance
 i - 3 potions of haste
 j - 21 potions of curing
 k - 12 potions of lignification
 n - 9 potions of mutation
 u - 16 potions of enlightenment
 C - 9 potions of invisibility
 L - 4 potions of might
 N - 9 potions of attraction
 Q - 5 potions of ambrosia
 V - a potion of heal wounds
 Y - 4 potions of cancellation
Miscellaneous
 w - a lightning rod (4/4)
 A - a sack of spiders
 E - a phantom mirror


   Skills:
 O Level 27 Fighting
 - Level 14.7(20.2) Axes
 + Level 19.1(20.4) Polearms
 - Level 16.0 Throwing
 - Level 22.4 Armour
 + Level 16.5 Dodging
 + Level 18.5 Shields
 - Level 14.5 Evocations


You had 26 spell levels left.
You didn't know any spells.
Your spell library contained the following spells:

 Spells                   Type           Power      Damage    Failure   Level
 Slow                     Hex            0%         N/A       83%         1
 Confusing Touch          Hex            0%         N/A       99%         3
 Sigil of Binding         Hex            0%         N/A       99%         3
 Vampiric Draining        Necr           0%         2d6       99%         3
 Animate Armour           Summ/Erth      0%         N/A       100%        4
 Summon Lightning Spire   Summ/Air       0%         N/A       100%        4
 Lee's Rapid Deconstruct  Erth           0%         3d4*      100%        5


Dungeon Overview and Level Annotations

Branches:
Dungeon (15/15)            Temple (1/1) D:5            Lair (5/5) D:11
  Swamp (4/4) Lair:2       Spider (4/4) Lair:3        Slime (0/5) Lair:5
    Orc (2/2) D:12            Elf (3/3) Orc:2        Vaults (5/5) D:14
  Crypt (0/3) Vaults:2     Depths (4/4) D:15            Zot (5/5) Depths:4
  IceCv (visited)         Gauntlet (visited)

Altars:
Ashenzari
Cheibriados
Dithmenos
Elyvilon
Fedhas
Gozag
Hepliaklqana
Kikubaaqudgha
Makhleb
Nemelex Xobeh
Okawaru
Qazlal
Ru
Sif Muna
Trog
Uskayaw
Vehumet
Wu Jian
Xom
Yredelemnul
Zin
The Shining One
Beogh
Jiyva

Shops:
D:2 [*:   D:9 !   Orc:2 ((=?*   Elf:3 *=   Vaults:1 (   Vaults:5 [
Depths:1 *[   Depths:4 [(=(

Portals:
Hell: Depths:1 Depths:2 Depths:3 Depths:4
Abyss: D:5 Depths:1 Depths:3 Depths:4
Pandemonium: Depths:1 Depths:2 Depths:4
Ziggurat: Depths:2
Trove: Depths:1 (show slimy rune of Zot)

Annotations:
Elf:1 1 runed translucent door
Depths:3 exclusion: obsidian statue
Zot:2 1 runed translucent door, Yngi's ghost, legendary MiFi


Innate Abilities, Weirdness & Mutations

You have very sharp teeth.
You have a pair of small horns on your head.
You sometimes lose your temper in combat.
Armour fits poorly on your strangely shaped body.
You are frail. (-10% HP)
Your system is resistant to poisons. (rPois)
You occasionally shout uncontrollably at your foes.
Potions are less effective at restoring your health.
Your spells are a little easier to cast, but a little less powerful.
You have hidden genetic defects.
Your health recovers twice as slowly from being drained.


Message History

Your deep troll claws the yellow draconian but does no damage.
Your deep troll claws the yellow draconian!!
The electric golem hurls lightning at you.
The bolt of lightning is repelled.
Your deep troll barely misses the yellow draconian.
Your deep troll claws the yellow draconian but does no damage.
Your deep troll completely misses the yellow draconian.
The Orb Guardian is poisoned.
The purple draconian shifter is engulfed in poison gas.
The purple draconian shifter is poisoned.
The yellow draconian is engulfed in poison gas.
The yellow draconian is poisoned. x2
The Orb Guardian is engulfed in poison gas.
The Orb Guardian is poisoned.
The Orb Guardian attacks as it pursues you!
You block the Orb Guardian's attack.
Your deep troll bites the yellow draconian!!
Your deep troll claws the yellow draconian!!
Your deep troll barely misses the yellow draconian.
Your iron troll is engulfed in poison gas.
Your iron troll is poisoned.
As you read the scroll of butterflies, it crumbles to dust.
You hear the flapping of tiny wings.
The yellow draconian is knocked back by the sudden gust.
The orb of fire is knocked back by the sudden gust.
The Orb Guardian is knocked back by the sudden gust.
The orb of fire glows bright magenta.
Your butterfly twists and deforms.
The electric golem hurls lightning at you.
The bolt of lightning hits your butterfly!!
Your butterfly dies!
Your butterfly disappears in a burst of colours!
The bolt of lightning hits your butterfly!!
Your butterfly dies!
Your butterfly disappears in a burst of colours!
The bolt of lightning hits your butterfly!!
Your butterfly dies!
Your butterfly disappears in a burst of colours!
The bolt of lightning hits you!!
You die...

.................▓
................▓*
.........§§§...▓*
..3...T.^§§§b.▓▓
▓▓▓▓▓▓##§§§§§▓▓
.........3.§§b##
,,,.......§T9bb##
,,.^.....§§bb§§b##
,,.....p.§§*§bb§@#
,,......?§zqbbbbb#
,,...p...§§TdXdbb#
,,^......pp§bX*bb#
,,,......§§§.§§§X#
,,,,.....§§§§§§bb#
,,,,.....§§§.§§§##
,,,,,....§§§§§§##
,,,,,.........##


You could see 2 orbs of fire, 2 Killer Klowns, an electric golem (ally target),
a tentacled monstrosity, 2 draconians, a purple draconian shifter (poisoned), a
death cob, 2 Orb Guardians, a soul eater (ally target), a friendly iron troll
(summoned, berserk, poisoned) and a friendly deep troll (summoned, berserk).

Vanquished Creatures
  2 ancient liches
  2 juggernauts (Depths:3)
  Vv (Depths:3)
  A Killer Klown (Zot:3)
  Saint Roka (Elf:2)
  4 curse toes
  15 golden dragons
  A profane servitor (Abyss:3)
  Nikola (Elf:3)
  Jory (Depths:3)
  Arachne (Spider:2)
  2 hellephants (Depths:3)
  4 electric golems
  Jorgrun (D:15)
  13 tentacled monstrosities
  3 liches
  2 deep elf master archers (Elf:3)
  A walking earthen tome (Depths:3)
  6 Orb Guardians
  6 titans
  13 quicksilver dragons
  A walking frostbound tome (Depths:2)
  3 deep elf blademasters
  A walking divine tome (Depths:2)
  The ghost of Ceed the Phalangite, an adept MfGl of Kikubaaqudgha (Depths:2)
  The ghost of Dedwaat the Hoplite, an adept MiFi of Qazlal (Elf:2)
  3 tentacled starspawn
  12 death cobs
  Frances (Spider:2)
  An Executioner (Zot:2)
  4 sphinxes
  4 thorn hunters
  Aizul (Elf:3)
  8 shadow dragons
  The ghost of Dinoif the Deadly Accurate, an adept MfBr of Okawaru (Swamp:3)
  5 tengu reavers
  Donald (Vaults:1)
  Roxanne (Swamp:1)
  7 draconian monks
  2 fenstrider witches
  4 deep elf sorcerers (Elf:3)
  11 fire giants
  4 draconian knights
  19 storm dragons
  An iron dragon (Vaults:5)
  9 emperor scorpions
  8 draconian shifters
  4 protean progenitors
  12 frost giants
  9 draconian scorchers
  3 balrugs (Zot:2)
  A juggernaut zombie (Depths:3)
  A hydra zombie (Swamp:4)
  3 ghouls (Swamp:3)
  22 vault wardens
  An orc warlord (Vaults:4)
  The ghost of AceOff the Mimic, a journeyman DrSh of Trog (Swamp:1)
  3 spriggan defenders
  6 draconian annihilators
  2 draconian stormcallers
  6 ironbound thunderhulks
  A broodmother (Spider:2)
  19 ironbound preservers
  13 very ugly things
  6 deep elf elementalists
  A juggernaut skeleton (Depths:3)
  19 stone giants
  7 deep elf demonologists
  3 vampire knights
  2 formless jellyfish
  9 green draconians
  8 deep elf death magi
  9 white draconians
  5 eleionomae
  12 spark wasps
  3 war gargoyles
  6 yellow draconians
  A minotaur (Gauntlet)
  7 red draconians
  7 deep elf annihilators
  3 bunyips
  12 black draconians
  4 dire elephants
  An eidolon (Abyss:3)
  13 purple draconians
  Snorg (Lair:4)
  6 blizzard demons (Zot:2)
  11 ettins
  11 fire dragons
  4 deep elf high priests (Elf:3)
  6 jiangshi
  3 shambling mangroves
  10 yaktaur captains
  3 ice dragons
  3 entropy weavers
  2 ogre magi
  10 great orbs of eyes
  33 vault guards
  2 peacekeepers
  A spriggan skeleton (Abyss:3)
  2 spriggan air magi
  4 rakshasas
  5 catoblepae
  A jorogumo (Spider:2)
  6 alligators
  A ghost crab (Swamp:2)
  11 hydras
  3 radroaches
  A sphinx zombie (Depths:3)
  8 centaur warriors
  9 ironbound frosthearts
  An anaconda (shapeshifter) (Vaults:4)
  A death knight (Vaults:2)
  10 boulder beetles
  2 satyrs (Zot:2)
  6 two-headed ogres
  3 two-headed ogres (shapeshifter)
  A boulder beetle (shapeshifter) (Depths:4)
  11 death yaks
  5 vampire magi
  7 deep troll shamans
  5 hell hogs (Depths:3)
  4 demonic crawlers
  2 thrashing horrors (Abyss:3)
  6 spriggan berserkers
  30 dancing weapons
  4 tengu warriors
  An occultist (D:15)
  10 deep troll earth magi
  7 hell knights
  3 orc high priests (Orc:2)
  18 deep elf knights
  Nergalle (Lair:2)
  2 fire crabs (D:15)
  A skyshark (shapeshifter) (Elf:1)
  A salamander mystic (D:15)
  Amaemon (Lair:2)
  2 skysharks
  9 iron trolls
  A fire crab (shapeshifter) (Elf:1)
  A flayed ghost (Vaults:5)
  A death drake (shapeshifter) (Elf:1)
  9 goliath frogs
  3 pharaoh ants
  A glowing orange brain (shapeshifter) (Depths:1)
  A deep troll (shapeshifter) (Vaults:5)
  12 orb spiders
  9 swamp dragons
  8 spriggan druids
  75 deep trolls
  3 bog bodies
  4 glowing orange brains
  14 deep elf archers
  2 large abominations (Abyss:3)
  A mana viper (shapeshifter) (Elf:1)
  2 starcursed masses (Abyss:3)
  An obsidian statue (Gauntlet)
  5 lindwurms
  12 ironbound convokers
  10 arcanists
  9 steelbarb worms
  25 deep elf zephyrmancers
  A tengu zombie (Vaults:2)
  7 orc knights
  4 sun moths
  6 phantasmal warriors
  A sun moth (shapeshifter) (Vaults:5)
  7 necromancers
  A lindwurm (shapeshifter) (D:15)
  23 deep elf pyromancers
  A fire giant zombie (Vaults:2)
  18 wolf spiders
  2 moths of wrath (shapeshifter)
  3 oklob plants (Swamp:4)
  7 cyclopes
  6 orc sorcerers
  A salamander (shapeshifter) (Elf:1)
  A faun (shapeshifter) (Vaults:5)
  2 will-o-the-wisps
  39 ugly things
  A tengu skeleton (Depths:3)
  Maurice (Orc:2)
  3 black mambas
  9 elephants
  19 moths of wrath
  3 salamanders (D:15)
  2 meliai (Spider:4)
  A meliai (shapeshifter) (Elf:3)
  An ice statue (IceCv)
  12 torpor snails
  7 kobold blastminers
  A black mamba (shapeshifter) (Elf:1)
  2 apocalypse crabs (Abyss:3)
  19 vault sentinels
  3 gargoyles
  2 guardian serpents (D:14)
  2 cane toads (shapeshifter) (Elf:1)
  A water nymph (shapeshifter) (Vaults:5)
  An eye of devastation (shapeshifter) (Vaults:4)
  5 rust devils
  16 cane toads
  2 smoke demons
  Jeremiah (Lair:1)
  An unseen horror (D:11)
  An orange demon (Lair:2)
  An unseen horror (shapeshifter) (Elf:1)
  A kobold demonologist (D:12)
  31 yaktaurs
  A yaktaur (shapeshifter) (Elf:1)
  The ghost of Tenz the Trooper, a novice GrRe of Ignis (D:5)
  A tormentor (Depths:2)
  3 efreet
  5 tengu conjurers
  7 freezing wraiths
  7 rime drakes
  7 komodo dragons
  A red devil (Gauntlet)
  An ancient zyme (Abyss:3)
  3 death drake zombies (Swamp:4)
  12 trolls
  9 polar bears
  A hornet (shapeshifter) (Elf:1)
  A wolf spider simulacrum (D:15)
  11 tyrant leeches
  20 tarantellas
  A harpy skeleton (Abyss:3)
  26 hornets
  26 blink frogs
  A hydra skeleton (Swamp:4)
  29 jumping spiders
  6 glass eyes
  A death drake skeleton (Swamp:4)
  A human simulacrum (Vaults:2)
  A shadow (D:11)
  14 slime creatures
  16 culicivoras
  8 air elementals
  A culicivora (shapeshifter) (Vaults:5)
  17 spriggans
  12 water elementals
  A jumping spider (shapeshifter) (Elf:1)
  9 wyverns
  6 basilisks
  64 yaks
  Grum (Lair:1)
  7 wraiths
  7 fire elementals
  A death yak simulacrum (Lair:1)
  3 wargs
  A neqoxec (Gauntlet)
  3 humans
  49 redbacks
  2 steam dragons
  6 vampire mosquitoes
  2 swamp worms (shapeshifter)
  3 chaos spawn (Gauntlet)
  The ghost of Mll the Trooper, an amateur GrBe of Trog (D:3)
  20 swamp worms
  4 acid dragons
  6 hydra simulacra (Swamp:4)
  10 water moccasins
  24 orc warriors
  A glowing shapeshifter skeleton (Vaults:2)
  10 swamp drakes
  4 meliai simulacra (D:15)
  Pargi (D:3)
  5 black bears
  A laughing skull (Vaults:2)
  2 ice beasts
  2 boggarts
  3 swamp dragon zombies (Swamp:4)
  6 centaurs
  6 ogres
  24 wolves
  3 kobold brigands
  17 bullfrogs
  3 gnoll sergeants
  2 small abominations (D:5)
  3 wyvern zombies (D:7)
  2 scorpions
  7 earth elementals
  12 wights
  An elephant simulacrum (Lair:1)
  4 killer bees (D:9)
  9 howler monkeys
  10 electric eels
  A bombardier beetle (D:5)
  5 crimson imps
  2 centaur zombies (D:7)
  6 jellies
  2 gnoll boudas
  8 hounds
  24 orc priests
  Crazy Yiuf (D:2)
  An iguana (D:6)
  Natasha (thrice) (D:2)
  3 sleepcaps
  4 hell rats (Lair:5)
  24 orc wizards
  A wolf simulacrum (Lair:1)
  A howler monkey zombie (D:7)
  Robin (D:2)
  8 adders
  27 gnolls
  4 shadow imps
  5 white imps
  5 dart slugs
  89 orcs
  5 ball pythons
  8 bats
  12 endoplasms
  4 giant cockroaches
  11 goblins
  8 hobgoblins
  6 jackals
  3 quokkas
  2 frilled lizards
  11 kobolds
  9 rats
  2 aspiring fleshes (Zot:4)
  2 butterflies (D:7)
  A lurking horror (Abyss:3)
2167 creatures vanquished.

Vanquished Creatures (collateral kills)
  2 golden dragons
  2 draconian shifters (Zot:4)
  2 draconian scorchers
  A deep elf elementalist (Elf:2)
  2 draconian annihilators (Zot:4)
  3 red draconians (Zot:4)
  2 purple draconians (Zot:4)
  A white draconian (Zot:4)
  2 jiangshi (Depths:2)
  A deep elf archer (Elf:2)
  A deep elf zephyrmancer (Elf:2)
  An orc knight (Orc:2)
  2 moths of wrath (Zot:4)
  A polar bear (IceCv)
  A yak (IceCv)
  An orc wizard (Orc:2)
25 creatures vanquished.

Vanquished Creatures (others)
  An Orb Guardian (Zot:5)
  A fire giant (Depths:1)
  A draconian scorcher (Zot:2)
  A vampire knight (Depths:3)
  A white draconian (Zot:5)
  2 deep elf knights
  An orc sorcerer (Elf:3)
  A deep elf zephyrmancer (Elf:3)
  A rime drake (IceCv)
  A jumping spider (Spider:2)
  2 water elementals (Elf:2)
  A hound (D:11)
  2 orc wizards (Orc:2)
  4 orcs (D:12)
  2 foxfires (Swamp:4)
  156 spectral weapons
  5 starspawn tentacles
183 creatures vanquished.

Grand Total: 2375 creatures vanquished

Notes
Turn   | Place    | Note
-------+----------+-------------------------------------------
     0 | D:1      | GrimJard the Hill Orc Fighter began the quest for the Orb.
     0 | D:1      | Reached XP level 1. HP: 19/19 MP: 1/1
    61 | D:1      | Reached XP level 2. HP: 25/25 MP: 2/2
   192 | D:1      | Found a faded altar of an unknown god.
   550 | D:2      | Found Utopityhokh's Book Boutique.
   649 | D:2      | Noticed Natasha
   656 | D:2      | Killed Natasha
   657 | D:2      | Reached skill level 5 in Axes
   657 | D:2      | Reached XP level 3. HP: 22/31 MP: 3/3
   756 | D:2      | Reached XP level 4. HP: 29/39 MP: 4/4
   835 | D:2      | Noticed Natasha
   837 | D:2      | Found Paxul's Antique Armour Shop.
   851 | D:2      | Killed Natasha
   856 | D:2      | Noticed Natasha
  1078 | D:2      | Killed Natasha
  1079 | D:2      | Reached XP level 5. HP: 45/45 MP: 5/5
  1118 | D:2      | Found Huell's General Store.
  1127 | D:2      | Bought a potion of curing for 33 gold pieces
  1127 | D:2      | Bought a scroll of identify for 22 gold pieces
  1169 | D:2      | Noticed Robin
  1204 | D:2      | Killed Robin
  1562 | D:2      | Found a runed translucent door.
  1563 | D:2      | Noticed Crazy Yiuf
  1755 | D:2      | Killed Crazy Yiuf
  1999 | D:3      | Reached XP level 6. HP: 47/51 MP: 6/6
  2113 | D:3      | Found a basalt altar of Yredelemnul.
  2245 | D:3      | Identified the +3 spear of Zaenah {chaos, ^Drain rElec rF+
                  | Str+2}
  2250 | D:3      | Found a transporter.
  2267 | D:3      | Noticed Mll's ghost (amateur GrBe)
  2390 | D:3      | Found a transporter.
  2492 | D:3      | Noticed Pargi
  2522 | D:3      | Killed Pargi
  2739 | D:3      | Killed Mll's ghost
  2740 | D:3      | Reached XP level 7. HP: 46/57 MP: 7/7
  2751 | D:3      | Reached skill level 10 in Axes
  3079 | D:4      | Reached skill level 1 in Evocations
  3581 | D:4      | Reached skill level 4 in Fighting
  3581 | D:4      | Reached skill level 1 in Throwing
  3997 | D:5      | Entered Level 5 of the Dungeon
  4228 | D:5      | Noticed a yak
  4300 | D:5      | Reached XP level 8. HP: 35/66 MP: 5/8
  4467 | D:5      | Noticed a yak
  4468 | D:5      | Noticed a yak
  4474 | D:5      | Killed a yak
  4645 | D:5      | Killed a yak
  4646 | D:5      | Reached skill level 5 in Armour
  4646 | D:5      | Killed a yak
  4647 | D:5      | Reached skill level 5 in Fighting
  4945 | D:5      | Found a one-way gate to the infinite horrors of the Abyss.
  4945 | D:5      | Noticed Tenz's ghost (novice GrRe)
  4967 | D:5      | Found a staircase to the Ecumenical Temple.
  4975 | D:5      | Found a transporter.
  4999 | D:5      | Found a transporter.
  5016 | Temple   | Entered the Ecumenical Temple
  5025 | Temple   | Became a worshipper of Trog the Wrathful
  5520 | D:6      | Reached XP level 9. HP: 42/74 MP: 5/9
  5710 | D:6      | Reached skill level 5 in Evocations
  6346 | D:6      | Reached skill level 6 in Fighting
  6520 | D:6      | Found a snail-covered altar of Cheibriados.
  6528 | D:6      | Paralysed by a gnoll for 3 turns
  6547 | D:6      | Reached * piety under Trog
  6967 | D:6      | Found an iron altar of Okawaru.
  7242 | D:7      | Reached skill level 7 in Fighting
  7265 | D:7      | Reached XP level 10. HP: 26/86 MP: 4/10
  7850 | D:2      | Bought a glowing chain mail for 225 gold pieces
  8261 | D:7      | Found a shimmering altar of Xom.
  8436 | D:7      | Reached skill level 5 in Throwing
  8680 | D:8      | Reached ** piety under Trog
  8776 | D:8      | Reached skill level 8 in Fighting
  9059 | D:8      | Reached skill level 10 in Armour
  9216 | D:8      | Found an ancient bone altar of Kikubaaqudgha.
  9862 | D:8      | Noticed a centaur warrior
  9863 | D:8      | Noticed a cyan ugly thing
  9871 | D:8      | Noticed a red ugly thing
  9874 | D:8      | Killed a centaur warrior
  9884 | D:8      | Killed a red ugly thing
  9894 | D:8      | Killed a cyan ugly thing
  9895 | D:8      | Reached skill level 9 in Fighting
  9895 | D:8      | Reached XP level 11. HP: 37/97 MP: 3/11
 10144 | D:8      | Identified the ring "Wueshrur" {rElec rCorr EV+5 Str-4
                  | Int+2}
 10144 | D:8      | Identified the ring "Oxuiler" {rElec Will+}
 10927 | D:9      | Reached *** piety under Trog
 11174 | D:9      | Found Puesum's Distillery.
 11225 | D:9      | Bought a potion of heal wounds for 85 gold pieces
 11225 | D:9      | Bought a potion of invisibility for 136 gold pieces
 11225 | D:9      | Bought a potion of curing for 51 gold pieces
 11225 | D:9      | Bought a potion of curing for 51 gold pieces
 11325 | D:9      | Found an opulent altar of Gozag.
 11574 | D:9      | Noticed a boulder beetle
 11628 | D:9      | Killed a boulder beetle
 11629 | D:9      | Reached skill level 10 in Fighting
 11778 | D:9      | Identified the +1 war axe "Ewuz Xoh" {vamp, rPois}
 11802 | D:9      | Noticed a two-headed ogre
 11810 | D:9      | Killed a two-headed ogre
 11868 | D:9      | Identified the +3 leather armour of Hubris {+Inv}
 11954 | D:9      | Noticed a two-headed ogre
 11958 | D:9      | Killed a two-headed ogre
 11973 | D:9      | Noticed a two-headed ogre
 11996 | D:9      | Killed a two-headed ogre
 12004 | D:9      | Identified the +3 dagger of the End of Times {pain,
                  | ^Fragile Str+5 Int+3 SInv}
 12370 | D:10     | Entered Level 10 of the Dungeon
 12433 | D:10     | Reached XP level 12. HP: 108/108 MP: 10/12
 12558 | D:10     | Reached **** piety under Trog
 12667 | D:10     | Found a stormy altar of Qazlal.
 12740 | D:10     | Found a glowing silver altar of Zin.
 13322 | D:11     | Noticed a boulder beetle
 13330 | D:11     | Killed a boulder beetle
 13331 | D:11     | Reached skill level 11 in Fighting
 13331 | D:11     | Reached skill level 1 in Polearms
 13461 | D:11     | Found a staircase to the Lair.
 14402 | D:12     | Found a hide-covered altar of Uskayaw.
 14580 | D:12     | Reached ***** piety under Trog
 14647 | D:12     | Found a gate leading to a gauntlet.
 14656 | Gauntlet | Entered a Gauntlet
 14656 | Gauntlet | Found a transporter.
 14900 | Gauntlet | Found a transporter.
 14915 | Gauntlet | Found a transporter.
 14920 | Gauntlet | Found a transporter.
 14936 | Gauntlet | Noticed a reaper
 14941 | Gauntlet | Found a transporter.
 14944 | Gauntlet | Found the necklace of Bloodlust {Fury *Rage Will++ Int-3
                  | Slay+6}
 14954 | Gauntlet | Found a transporter.
 14966 | Gauntlet | Found a transporter.
 14977 | Gauntlet | Noticed a great orb of eyes
 14978 | Gauntlet | Found a transporter.
 14990 | Gauntlet | Found a transporter.
 15001 | Gauntlet | Found the +2 hood of the Assassin {Detect Stab+ Stlth++}
 15002 | Gauntlet | Found a transporter.
 15073 | Gauntlet | Found a transporter.
 15129 | Gauntlet | Found a transporter.
 15146 | Gauntlet | Found a transporter.
 15148 | Gauntlet | Found a transporter.
 15191 | Gauntlet | Found a transporter.
 15193 | Gauntlet | Found a transporter.
 15247 | Gauntlet | Found a transporter.
 15476 | Gauntlet | Found a transporter.
 15507 | Gauntlet | Gained mutation: You are dopey. (Int -2) [a neqoxec]
 15788 | Gauntlet | Noticed a sun demon
 16049 | Gauntlet | Reached skill level 12 in Fighting
 16158 | Gauntlet | Identified the amulet "Puodus" {RegenMP Int+3}
 16198 | Gauntlet | Noticed a minotaur
 16213 | Gauntlet | Killed a minotaur
 16401 | D:12     | Noticed a two-headed ogre
 16408 | D:12     | Killed a two-headed ogre
 16482 | D:12     | Reached skill level 5 in Polearms
 16507 | D:12     | Reached XP level 13. HP: 102/118 MP: 13/13
 16892 | D:12     | Found a staircase to the Orcish Mines.
 17303 | Lair:1   | Entered Level 1 of the Lair of Beasts
 17670 | Lair:1   | Found a frozen archway.
 17696 | IceCv    | Entered an ice cave
 17793 | IceCv    | Reached skill level 15 in Armour
 17814 | IceCv    | Reached skill level 13 in Fighting
 18831 | IceCv    | Noticed a frost giant
 18883 | IceCv    | Killed a frost giant
 18884 | IceCv    | Reached skill level 10 in Throwing
 19288 | Lair:1   | Noticed Grum
 19315 | Lair:1   | Killed Grum
 19747 | Lair:1   | Identified the ring of Iwkep {Will+ Int+8}
 19818 | Lair:1   | Reached XP level 14. HP: 124/130 MP: 12/14
 19954 | Lair:1   | Noticed Jeremiah
 19971 | Lair:1   | Killed Jeremiah
 20371 | Lair:2   | Noticed Nergalle
 20396 | Lair:2   | Killed Nergalle
 20501 | Lair:2   | Reached skill level 14 in Fighting
 20977 | Lair:2   | Noticed Amaemon
 20988 | Lair:2   | Killed Amaemon
 21257 | Lair:2   | Found a staircase to the Swamp.
 21772 | Lair:3   | Identified the +3 shortbow of Ecsac {antimagic, Int+4}
 21864 | Lair:3   | Found a hole to the Spider Nest.
 22253 | Lair:3   | Found a runed translucent door.
 22940 | Lair:3   | Noticed a tentacled starspawn
 23313 | Lair:3   | Killed a tentacled starspawn
 23440 | Lair:4   | Noticed Snorg
 23466 | Lair:4   | Killed Snorg
 23786 | Lair:4   | Reached skill level 15 in Fighting
 24081 | Lair:4   | Reached skill level 10 in Polearms
 24081 | Lair:4   | Reached XP level 15. HP: 132/141 MP: 13/15
 25014 | Lair:4   | Lost mutation: You are dopey. (Int -2) [potion of mutation]
 25014 | Lair:4   | Gained mutation: Your flesh is heat resistant. (rF+)
                  | [potion of mutation]
 25014 | Lair:4   | Gained mutation: You are strong-willed. (Will+) [potion of
                  | mutation]
 25014 | Lair:4   | Gained mutation: Armour fits poorly on your strangely
                  | shaped body. [potion of mutation]
 25014 | Lair:4   | Gained mutation: You have a pair of small antennae on your
                  | head. [potion of mutation]
 25015 | Lair:4   | Lost mutation: You are strong-willed. (Will+) [potion of
                  | mutation]
 25015 | Lair:4   | Lost mutation: Your flesh is heat resistant. (rF+) [potion
                  | of mutation]
 25015 | Lair:4   | Lost mutation: You have a pair of small antennae on your
                  | head. [potion of mutation]
 25015 | Lair:4   | Gained mutation: You are strong-willed. (Will+) [potion of
                  | mutation]
 25021 | Lair:4   | Lost mutation: Armour fits poorly on your strangely shaped
                  | body. [potion of mutation]
 25021 | Lair:4   | Lost mutation: You are strong-willed. (Will+) [potion of
                  | mutation]
 25021 | Lair:4   | Gained mutation: Your spells are a little harder to cast,
                  | but a little more powerful. [potion of mutation]
 25022 | Lair:4   | Lost mutation: Your spells are a little harder to cast, but
                  | a little more powerful. [potion of mutation]
 25022 | Lair:4   | Gained mutation: You possess an exceptional clarity of
                  | mind. [potion of mutation]
 25022 | Lair:4   | Gained mutation: Your mind is acute. (Int +4, Str/Dex -1)
                  | [potion of mutation]
 25037 | Lair:5   | Entered Level 5 of the Lair of Beasts
 25045 | Lair:5   | Reached skill level 5 in Shields
 26004 | Lair:5   | Received a gift from Trog
 26239 | Lair:5   | Upgraded the game from 0.31-a0-1570-g93c622d222 to
                  | 0.31-a0-1576-ga3383bade6
 26483 | Lair:5   | Found a staircase to the Slime Pits.
 26483 | Lair:5   | Found a viscous altar of Jiyva.
 26521 | Lair:5   | Identified the +2 short sword of Tyadd {spect, rN+}
 27444 | Orc:1    | Entered Level 1 of the Orcish Mines
 27706 | Orc:1    | Reached skill level 10 in Shields
 27969 | Orc:2    | Entered Level 2 of the Orcish Mines
 27969 | Orc:2    | Found a staircase to the Elven Halls.
 27969 | Orc:2    | Found a roughly hewn altar of Beogh.
 28372 | Orc:2    | Noticed Maurice
 28380 | Orc:2    | Killed Maurice
 28436 | Orc:2    | Received a gift from Trog
 28894 | Orc:2    | Found Sitauzy's Assorted Antiques.
 28900 | Orc:2    | Found Hifir's Jewellery Shop.
 28905 | Orc:2    | Bought a potion of mutation for 248 gold pieces
 28905 | Orc:2    | Bought a scroll of enchant weapon for 232 gold pieces
 28905 | Orc:2    | Bought a potion of heal wounds for 155 gold pieces
 28908 | Orc:2    | Bought an amulet of regeneration for 390 gold pieces
 28908 | Orc:2    | Found Zemos's Weapon Shop.
 28924 | Orc:2    | Found Wyodgh's Magic Scroll Emporium.
 28933 | Orc:2    | Bought 2 scrolls of immolation for 96 gold pieces
 28933 | Orc:2    | Bought a scroll of butterflies for 48 gold pieces
 28933 | Orc:2    | Bought a scroll of enchant weapon for 90 gold pieces
 28933 | Orc:2    | Bought a scroll of teleportation for 36 gold pieces
 28933 | Orc:2    | Bought 3 scrolls of fog for 144 gold pieces
 29053 | Orc:2    | Found Sisin's Weapon Emporium.
 29349 | Orc:1    | Found a roughly hewn altar of Beogh.
 29953 | D:13     | Found a viscous altar of Jiyva.
 30313 | D:13     | Identified the +7 dagger of Sloth {freeze, rF+ Will- SInv}
 30509 | D:14     | Reached XP level 16. HP: 150/150 MP: 16/16
 30696 | D:13     | Received a gift from Trog
 30859 | Lair:3   | Reached skill level 16 in Fighting
 30859 | Lair:3   | Reached XP level 17. HP: 158/158 MP: 17/17
 31443 | D:14     | Identified the +9 longbow of Popular Demand {flame, Int+3}
 31978 | D:14     | Found a gate to the Vaults.
 32328 | D:15     | Entered Level 15 of the Dungeon
 32585 | D:15     | Identified the staff "Heruskuck" {*Slow Fly rC+ Str+7 Ice}
 32692 | D:15     | Reached skill level 17 in Fighting
 32755 | D:15     | Identified a scroll of acquirement
 32755 | D:15     | Acquired 394 gold pieces
 32771 | D:15     | Found a staircase to the Depths.
 33104 | D:15     | Noticed Jorgrun
 33117 | D:15     | Killed Jorgrun
 33163 | D:15     | Identified the +4 falchion of Defence {freeze, rPois}
 33179 | D:15     | Reached ****** piety under Trog
 33249 | D:15     | Received a gift from Trog
 34537 | Spider:1 | Entered Level 1 of the Spider Nest
 34714 | Spider:1 | Reached skill level 18 in Fighting
 35026 | Spider:1 | You fall into a shaft and drop 1 floor!
 35046 | Spider:2 | Acquired the ring of Fousesm {Fire Dex+2}
 35184 | Spider:2 | Paralysed by a jorogumo for 2 turns
 35609 | Spider:2 | Noticed Frances
 35620 | Spider:2 | Killed Frances
 35659 | Spider:2 | Reached XP level 18. HP: 151/165 MP: 18/18
 35676 | Spider:2 | Received a gift from Trog
 35996 | Spider:2 | Identified the +1 robe "Cyfass" {rN+ Dex+4 Slay+2}
 36141 | Spider:2 | Noticed Arachne
 36153 | Spider:2 | Killed Arachne
 36509 | Spider:2 | Reached skill level 19 in Fighting
 37025 | Spider:3 | Received a gift from Trog
 38080 | Spider:4 | Entered Level 4 of the Spider Nest
 38715 | Spider:4 | Reached skill level 20 in Fighting
 38744 | Spider:4 | Identified the +9 halberd of Guilt {flame, Will+ Str+3}
                  | (Trog gifted it to you on level 4 of the Spider Nest)
 38744 | Spider:4 | Received a gift from Trog
 40471 | Spider:4 | Got a gossamer rune of Zot
 40800 | Swamp:1  | Entered Level 1 of the Swamp
 40801 | Swamp:1  | Noticed Roxanne
 40925 | Swamp:1  | Reached XP level 19. HP: 187/187 MP: 19/19
 41053 | Swamp:1  | Found a runed translucent door.
 41069 | Swamp:1  | Killed Roxanne
 41076 | Swamp:1  | Noticed AceOff's ghost (journeyman DrSh)
 41612 | Swamp:1  | Identified the +0 ring mail of the Grim God {rC+ Dex+3}
 41646 | Swamp:1  | Reached skill level 21 in Fighting
 41963 | Orc:2    | Bought a ring of poison resistance for 260 gold pieces
 42249 | D:2      | Bought +1 pearl dragon scales for 1153 gold pieces
 42827 | Swamp:1  | Killed AceOff's ghost
 43007 | Swamp:2  | Identified the +11 trident of Flawed Execution {flame,
                  | rPois Will++ SInv Stlth-} (Trog gifted it to you on level 2
                  | of the Swamp)
 43007 | Swamp:2  | Received a gift from Trog
 43781 | Swamp:3  | Noticed a tentacled monstrosity
 43815 | Swamp:3  | Noticed Dinoif's ghost (adept MfBr)
 44213 | Swamp:3  | Found a transporter.
 44697 | Swamp:3  | Found a transporter.
 45099 | Swamp:4  | Entered Level 4 of the Swamp
 45917 | Swamp:4  | Received a gift from Trog
 46375 | Swamp:3  | Reached skill level 22 in Fighting
 46723 | Swamp:3  | Reached skill level 15 in Throwing
 47816 | Swamp:4  | Found a blossoming altar of Fedhas.
 47957 | Swamp:4  | Found a basalt altar of Yredelemnul.
 47969 | Swamp:4  | Got a decaying rune of Zot
 48545 | D:5      | Killed Tenz's ghost
 48978 | Depths:1 | Entered Level 1 of the Depths
 48981 | Depths:1 | Found Nikhueroa's General Store.
 49010 | Depths:1 | HP: 8/193 [something (2)]
 49029 | Depths:1 | Reached XP level 20. HP: 40/202 MP: 20/20
 49366 | Vaults:1 | Entered Level 1 of the Vaults
 49375 | Vaults:1 | Found Pibed's Antique Weapon Shop.
 50369 | Vaults:1 | Noticed Donald
 50382 | Vaults:1 | Killed Donald
 50383 | Vaults:1 | Reached skill level 23 in Fighting
 50498 | Vaults:1 | Received a gift from Trog
 51462 | Vaults:1 | Identified the +6 scale mail "Zerchutio" {rElec rC- Str+5
                  | Stlth+}
 51884 | D:2      | Bought a shiny tower shield for 225 gold pieces
 52386 | D:2      | Bought 2 potions of mutation for 176 gold pieces
 52386 | D:2      | Lost mutation: You possess an exceptional clarity of mind.
                  | [potion of mutation]
 52386 | D:2      | Lost mutation: Your mind is acute. (Int +4, Str/Dex -1)
                  | [potion of mutation]
 52386 | D:2      | Gained mutation: Your body sometimes deteriorates upon
                  | taking damage. [potion of mutation]
 52386 | D:2      | Gained mutation: Your magical capacity is low. (-10% MP)
                  | [potion of mutation]
 52387 | D:2      | Lost mutation: Your body sometimes deteriorates upon taking
                  | damage. [potion of mutation]
 52387 | D:2      | Lost mutation: Your magical capacity is low. (-10% MP)
                  | [potion of mutation]
 52387 | D:2      | Gained mutation: You have hidden genetic potential. [potion
                  | of mutation]
 52387 | D:2      | Gained mutation: You are frail. (-10% HP) [potion of
                  | mutation]
 52387 | D:2      | Lost mutation: You are frail. (-10% HP) [potion of
                  | mutation]
 52387 | D:2      | Gained mutation: Your system is resistant to poisons.
                  | (rPois) [potion of mutation]
 53163 | Vaults:2 | Received a gift from Trog
 54013 | Vaults:2 | Reached skill level 24 in Fighting
 54221 | Vaults:2 | Found a staircase to the Crypt.
 54483 | Vaults:2 | Received a gift from Trog
 55114 | Vaults:3 | Reached XP level 21. HP: 215/215 MP: 21/21
 55757 | Vaults:3 | Reached skill level 25 in Fighting
 56192 | Vaults:3 | Gained mutation: You have a pair of small horns on your
                  | head. [hidden potential]
 57313 | Vaults:4 | Identified the +6 trident of Exquisite Torment {antimagic,
                  | rPois Dex+2} (Trog gifted it to you on level 4 of the
                  | Vaults)
 57313 | Vaults:4 | Received a gift from Trog
 58166 | Vaults:4 | Reached skill level 26 in Fighting
 58195 | Vaults:4 | Received a gift from Trog
 58550 | Vaults:4 | Paralysed by a formless jellyfish for 1 turns
 58893 | Vaults:4 | Upgraded the game from 0.31-a0-1576-ga3383bade6 to
                  | 0.31-a0-1589-g8f5e8aebd6
 59039 | Depths:1 | Found Kumat's Antique Armour Boutique.
 59085 | Depths:1 | Bought a scroll of fear for 64 gold pieces
 59085 | Depths:1 | Bought a potion of attraction for 48 gold pieces
 59131 | Depths:1 | Found a one-way gate leading to the halls of Pandemonium.
 59356 | Depths:1 | Identified the +12 broad axe of Exquisite Death {flame,
                  | Will+} (Trog gifted it to you on level 1 of the Depths)
 59356 | Depths:1 | Received a gift from Trog
 59380 | Depths:1 | Reached XP level 22. HP: 135/231 MP: 22/22
 59597 | Depths:1 | Found a gateway to Hell.
 59773 | Depths:1 | Found a portal to a secret trove of treasure.
 60026 | Depths:1 | Reached skill level 27 in Fighting
 60210 | Depths:2 | Found a radiant altar of Vehumet.
 60257 | Depths:2 | Reached skill level 1 in Dodging
 60313 | Depths:2 | Found a runed translucent door.
 60316 | Depths:2 | Found a shimmering altar of Xom.
 60316 | Depths:2 | Identified the +9 great sword "Zaonirha" {chaos, Str+3}
 60316 | Depths:2 | Noticed Ceed's ghost (adept MfGl)
 60410 | Depths:2 | Found a one-way gateway to a ziggurat.
 60450 | Depths:2 | Identified the +8 broad axe "Ubotewk" {antimagic, +Blink
                  | rN++} (Trog gifted it to you on level 2 of the Depths)
 60450 | Depths:2 | Received a gift from Trog
 60456 | Depths:2 | Gained mutation: You have very sharp teeth. [hidden
                  | potential]
 60456 | Depths:2 | Lost mutation: You have hidden genetic potential. [hidden
                  | potential expressed]
 61230 | Depths:2 | Identified the +0 hat "Miq Soy" {Rampage Int+2 Dex-4}
 61829 | Depths:2 | Killed Ceed's ghost
 62357 | Depths:3 | Noticed a juggernaut
 62363 | Depths:3 | Noticed a golden dragon
 62367 | Depths:3 | Killed a juggernaut
 62367 | Depths:3 | Received a gift from Trog
 62371 | Depths:3 | Killed a golden dragon
 62401 | Depths:3 | Noticed a golden dragon
 62404 | Depths:3 | Killed a golden dragon
 62444 | Depths:3 | Noticed a golden dragon
 63085 | Swamp:3  | Reached skill level 5 in Dodging
 63113 | Swamp:3  | Killed Dinoif's ghost
 64118 | Depths:3 | Identified the +1 leather armour "Moaq Nih" {Rampage}
 64138 | Depths:3 | Killed a golden dragon
 64163 | Depths:3 | Noticed a juggernaut
 64187 | Depths:3 | Killed a juggernaut
 64188 | Depths:3 | Reached XP level 23. HP: 217/240 MP: 23/23
 64811 | Depths:3 | Noticed Vv
 65191 | Depths:3 | Killed Vv
 65458 | Depths:3 | Noticed a golden dragon
 65463 | Depths:3 | Killed a golden dragon
 65676 | Depths:3 | Found a hazy altar of Hepliaklqana.
 65837 | Depths:3 | Noticed Jory
 65865 | Depths:3 | Killed Jory
 66446 | Depths:4 | Entered Level 4 of the Depths
 66543 | Depths:4 | Noticed a golden dragon
 66554 | Depths:4 | Killed a golden dragon
 66986 | Depths:4 | Reached skill level 10 in Evocations
 67356 | Depths:4 | Received a gift from Trog
 67574 | Depths:4 | Found Jaijoac's Jewellery Shoppe.
 67576 | Depths:4 | Found Ledok's Antique Weapon Shoppe.
 67576 | Depths:4 | Found Nibozym's Antique Armour Emporium.
 67581 | Depths:4 | Found Duhiry's Antique Weapon Emporium.
 67924 | Depths:4 | Received a gift from Trog
 68053 | Depths:4 | Found a gate to the Realm of Zot.
 68714 | Vaults:5 | Entered Level 5 of the Vaults
 68717 | Vaults:5 | Noticed a golden dragon
 68737 | Vaults:5 | Killed a golden dragon
 68795 | Vaults:5 | Reached XP level 24. HP: 134/247 MP: 23/23
 69268 | Vaults:5 | Reached skill level 15 in Shields
 69493 | Vaults:5 | Identified the ring "Wen Gatt" {^Contam Str+5 Dex+6 Slay+3}
 69503 | Vaults:5 | Received a gift from Trog
 70127 | Vaults:5 | Reached skill level 10 in Dodging
 70320 | Vaults:5 | Noticed an ancient lich
 70336 | Vaults:5 | Killed an ancient lich
 71815 | Vaults:5 | Found Natilauf's Armour Boutique.
 71871 | Vaults:5 | Identified the +4 dagger "Peumn" {speed, Str+5}
 71888 | Vaults:5 | Got a silver rune of Zot
 71899 | Vaults:5 | Identified the staff of the Glowing Pill Bug {rN+ Will+
                  | Dex-4 SInv Necro}
 72495 | Elf:1    | Entered Level 1 of the Elven Halls
 72536 | Elf:1    | Found a runed translucent door.
 72540 | Elf:1    | Found an ancient bone altar of Kikubaaqudgha.
 73265 | Elf:1    | Received a gift from Trog
 73326 | Elf:1    | Identified the orb of the Weaver {*Rage, rElec Slay+5}
 74004 | Elf:2    | Noticed Saint Roka
 74019 | Elf:2    | Killed Saint Roka
 74020 | Elf:2    | Reached XP level 25. HP: 179/257 MP: 23/23
 74033 | Elf:2    | Received a gift from Trog
 74290 | Elf:2    | Paralysed by an air elemental for 1 turns
 74294 | Elf:2    | Paralysed by an air elemental for 1 turns
 74299 | Elf:2    | Paralysed by an air elemental for 1 turns
 74585 | Elf:2    | Found a runed translucent gate.
 74593 | Elf:2    | Found a runed translucent gate.
 74594 | Elf:2    | Found a runed translucent gate.
 74595 | Elf:2    | Noticed Dedwaat's ghost (adept MiFi)
 74647 | Elf:2    | Found a huge runed translucent gate.
 74647 | Elf:2    | Found a huge runed translucent gate.
 74647 | Elf:2    | Found a huge runed translucent gate.
 74652 | Elf:2    | Found a huge runed translucent gate.
 74655 | Elf:2    | Found a huge runed translucent gate.
 75108 | Elf:2    | Identified the ring "Mitijer" {rN+ Will+}
 75190 | Elf:2    | Killed Dedwaat's ghost
 75205 | Elf:2    | Received a gift from Trog
 75330 | Elf:2    | Identified the +2 pair of boots "Koepeos" {Regen+}
 75869 | Elf:3    | Entered Level 3 of the Elven Halls
 75869 | Elf:3    | Found Mudosearesie's Jewellery Shop.
 75882 | Elf:3    | Received a gift from Trog
 75898 | Elf:3    | Identified the +0 pair of gloves "Wusiadad" {-Tele rElec
                  | rC+ rCorr}
 75898 | Elf:3    | Noticed Nikola
 75906 | Elf:3    | Killed Nikola
 75922 | Elf:3    | Found Icre's Neck Hole.
 75925 | Elf:3    | Identified the serpent talisman "Orogris" {Int+3}
 75925 | Elf:3    | Noticed Aizul
 75934 | Elf:3    | Killed Aizul
 76023 | Elf:3    | Bought a scarf of repulsion for 168 gold pieces
 76137 | Abyss:3  | Cast into level 3 of the Abyss (a deep elf demonologist)
 76187 | Abyss:3  | Gained mutation: Armour fits poorly on your strangely
                  | shaped body. [a neqoxec]
 76193 | Abyss:3  | Noticed an ancient lich
 76206 | Abyss:3  | Killed an ancient lich
 76372 | Elf:3    | Escaped the Abyss
 76391 | Elf:3    | Paralysed by an air elemental for 1 turns
 76675 | Elf:3    | Received a gift from Trog
 76989 | Elf:3    | Identified the +2 rapier of Tortfeasance {drain, rCorr}
 77017 | Elf:3    | Identified the +10 falchion of Cagoutu {holy, +Blink rC+}
 77252 | Elf:3    | Identified the +9 broad axe of Wyqap {freeze, rPois rC+ rN+
                  | SInv}
 77252 | Elf:3    | Identified the ring of Hyzxente {rC+ EV+5 Str+3 Int+2
                  | Dex+3}
 77273 | Elf:3    | Reached skill level 15 in Polearms
 77334 | Elf:3    | Received a gift from Trog
 77478 | Elf:3    | Identified the +1 shortbow of the Vanishing Songs {flame,
                  | Str+4}
 77487 | Elf:3    | Identified the +5 shortbow of Fedhas's Generosity {freeze,
                  | Dex+2 SInv}
 77488 | Elf:3    | Identified the staff of Daloqij {*Slow rElec Summ Fire Air
                  | Alchemy}
 77493 | Elf:3    | Reached XP level 26. HP: 263/263 MP: 23/23
 78183 | Zot:1    | Entered Level 1 of the Realm of Zot
 78534 | Zot:1    | Reached XP level 27. HP: 212/273 MP: 23/23
 79716 | Zot:2    | Received a gift from Trog
 80134 | Zot:2    | Found a runed translucent door.
 80134 | Zot:2    | Noticed Yngi's ghost (legendary MiFi)
 80208 | Zot:2    | Reached skill level 15 in Dodging
 80537 | Zot:2    | Received a gift from Trog
 81464 | Zot:3    | HP: 5/273 [white draconian stormcaller/divine providence[a
                  | purple draconian shifter] (11)]
 81880 | Zot:3    | Received a gift from Trog
 83314 | Zot:4    | Upgraded the game from 0.31-a0-1589-g8f5e8aebd6 to
                  | 0.31-a0-1591-g515db51633
 83357 | Zot:5    | Entered Level 5 of the Realm of Zot
 84014 | Zot:5    | Noticed an orb of fire
 84018 | Zot:5    | Noticed an orb of fire
 84024 | Zot:5    | Noticed an orb of fire
 84025 | Zot:5    | Noticed an orb of fire
 84026 | Zot:5    | Gained mutation: Potions are less effective at restoring
                  | your health. [an orb of fire]
 84027 | Zot:5    | Noticed an orb of fire
 84028 | Zot:5    | Gained mutation: Your spells are a little easier to cast,
                  | but a little less powerful. [an orb of fire]
 84028 | Zot:5    | Noticed an orb of fire
 84029 | Zot:5    | Gained mutation: You occasionally shout uncontrollably at
                  | your foes. [an orb of fire]
 84031 | Zot:5    | Gained mutation: You are frail. (-10% HP) [an orb of fire]
 84036 | Zot:5    | Noticed a dread lich
 84037 | Zot:5    | Gained mutation: Your health recovers twice as slowly from
                  | being drained. [an orb of fire]
 84047 | Zot:5    | Got the Orb of Zot
 84074 | Zot:5    | Identified the +10 hand axe "Ysyil" {heavy, rN+ Str+4}
                  | (Trog gifted it to you on level 5 of the Realm of Zot)
 84074 | Zot:5    | Received a gift from Trog
 84077 | Zot:5    | Gained mutation: You have hidden genetic defects. [an orb
                  | of fire]
 84079 | Zot:5    | Gained mutation: You sometimes lose your temper in combat.
                  | [an orb of fire]
 84085 | Zot:5    | Killed from afar by an electric golem

Illustrated notes

Levels and vault maps discovered:
D:1:      lightli_arrival_chessboard, layout_rooms, serial_rivers,
          chequers_serial_rivers_micro_d, chequers_serial_rivers_micro_c,
          chequers_serial_rivers_micro_c, chequers_serial_rivers_micro_c,
          shapermc_ecumenical_altar_notcrosses
D:2:      layout_loops_ring, serial_shops, shop, nicolae_shop_crystal, shop,
          uniq_crazy_yiuf_cottage, uniq_natasha, uniq_robin
D:3:      layout_rooms, mainiacjoe_overflow_catwalk,
          gammafunk_ghost_gnarly_gnolls, uniq_pargi
D:4:      layout_basic
D:5:      layout_basic, temple_statues, gammafunk_ghost_abyssal_escape
D:6:      layout_cave_pools, cheibriados_altar_1, lemuel_tele_altar,
          grunt_decor_mini_mirrors
D:7:      nicolae_cairo_tiling_large_dashed, layout_loops_ring, xom_butterflies,
          serial_undead, serial_undead_d, serial_undead_c, serial_undead_e,
          serial_undead_b, kennysheep_generic_room_11
D:8:      minmay_the_grid_plus [minmay_the_grid_outer_circle,
          minmay_the_grid_minigrid_large, minmay_the_grid_plusring,
          minmay_the_grid_doors, minmay_the_grid_prize_shrinking_boxes],
          layout_layer_cave, amcnicky_altar_gilded
D:9:      kennysheep_blocky_room, layout_loops_cross, grunt_gozag_breadcrumbs,
          serial_shops, shop, small_statue_intersection, minmay_joined_circles
D:10:     layout_loops_ring, old_standard_altar,
          nicolae_qazlal_scattered_showers
D:11:     layout_roguey [special_room_orc], erik_lair_island
D:12:     layout_irregular_city, erik_orc_2, gauntlet_entry_generic,
          eat_drink_and_be_merry_uskayaw
D:13:     minmay_wavy_crystal, layout_long_grid, jiyva_altar_1
D:14:     layout_irregular_city, grunt_vaults_entry_fortified,
          hangedman_decor_peaks_small, nrook_guardian_serpent_double
D:15:     hangedman_crystal_crosses_colossus [crystal_crosses_arms_two,
          crystal_crosses_arms_two, crystal_crosses_arms_one], uniq_jorgrun
Temple:   nicolae_temple_ecumenical_triangle
Lair:1:   layout_cave_pods, portal_ice_cave_entry_ice_simulacra,
          grunt_megastairs_4, uniq_grum, uniq_jeremiah
Lair:2:   layout_layer_cave, minmay_swamp_entry_worms, nicolae_lair_lil_pond,
          eino_small_chamber_without_monster, uniq_nergalle, uniq_amaemon
Lair:3:   layout_layer_cave, nicolae_spider_entry_orb_guardian, serial_bayou,
          serial_bayou_shore_b, serial_bayou_shore_a, serial_bayou_lagoon_a,
          serial_bayou_lake_a, pdpol_lair_cabin_in_the_woods
Lair:4:   layout_cave_pods, grunt_megastairs_3, uniq_snorg
Lair:5:   wormcave, layout_regular_city, nicolae_slime_entry_slimehenge,
          wad_woods_river_01
Swamp:1:  layout_basic_swamp, ebering_ghost_reflecting_pool,
          nicolae_swamp_reclaimed_castle, swamp_pool_4,
          nicolae_swamp_orc_logging_accident, uniq_roxanne
Swamp:2:  layout_falls_marsh, hangedman_swamp_ruin_wall, swamp_pool_5,
          nicolae_swamp_long_stream
Swamp:3:  layout_basic_swamp, gammafunk_ghost_arena, serial_swamp_ruin,
          evilmike_swamp_ruin_house_2, evilmike_swamp_ruin_house_1,
          evilmike_swamp_ruin_rubble_1, swamp_pool_1_2,
          cheibrodos_swamp_pet_leeches
Swamp:4:  byrel_swamp_growth_death_and_undeath, layout_basic_swamp,
          nicolae_swamp_tree_isthmus
Spider:1: layout_spider_delve, nicolae_spider_world_wide_web
Spider:2: layout_chambers, hangedman_spider_tarantella_strand, uniq_arachne,
          uniq_frances
Spider:3: layout_spider_delve, hellmonk_watch_for_rolling_rocks
Spider:4: grunt_spider_rune_island
Orc:1:    layout_diamond_mine, basic_altar
Orc:2:    st_orc_elflike, layout_caves, basic_altar, serial_shops,
          nicolae_shop_bloodbath_and_beyond, uniq_maurice
Elf:1:    layout_onion_city, nicolae_elf_shapeshifter_party, grunt_ministairs_5,
          nicolae_danse_macabre
Elf:2:    elven_hall_of_blades_hangedman_alternative [grunt_blade_entry_basic],
          layout_onion_city, gammafunk_ghost_tricky_traps,
          nicolae_elf_loose_elemental_storage, uniq_saint_roka
Elf:3:    grunt_elf_hall_asides, layout_rooms, serial_shops, shop,
          nicolae_shop_sticking_my_neck_out, uniq_nikola, uniq_aizul
Vaults:1: v_alt_pattern_3, nicolae_vaults_meeting, serial_ice_g,
          nicolae_vaults_house_3, nicolae_vaults_mini_display_case, v_pattern_1,
          nicolae_vaults_wrenched, v_misc_13, layout_vaults_omnigrid,
          serial_shops, shop, uniq_donald
Vaults:2: minmay_crypt_entry_simple_box, nicolae_vaults_security_offices_4,
          nicolae_vaults_storage_closets_1, nicolae_vaults_wine_cellar,
          hangedman_vaults_nails, nicolae_vaults_layer_cake_slice,
          vaults_room_fancy_cross, nicolae_vaults_yaktaur_gun_rack,
          hangedman_vaults_hat, nicolae_vaults_circle_grid_b,
          nicolae_vaults_variable_pillar_hall, nicolae_vaults_tetromino_L_2,
          nicolae_vaults_surprise_closet, layout_vaults_omnibox
Vaults:3: v_misc_31, vaults_room_door_hall, nicolae_vaults_circle_grid_a,
          vaults_mumra_hex, v_misc_29, nicolae_vaults_little_squares_5,
          vaults_mumra_hexcomb, nicolae_vaults_storage_room_statues,
          nicolae_vaults_surprise_closet, layout_vaults_chaotic_city
Vaults:4: ontoclasm_vaults_chip, ontoclasm_vaults_ligature,
          hangedman_vaults_river_flow, vaults_dpeg_diagonal,
          dpeg_vaults_monster_row, nicolae_vaults_closet_pinwheel_1,
          vaults_dpeg_spiral, v_misc_9, nicolae_vaults_sightless_eye,
          layout_vaults_ring
Vaults:5: serial_shops
Depths:1: layout_cave_shapes, hell_entry, nicolae_trove_entry_diagonal,
          pan_entry, abyss_entry, st_stairs_11, grunt_potential,
          minmay_shop_star, serial_bayou_shore_b
Depths:2: minmay_strange_plus, layout_honeycomb, enter_ziggurat_c,
          rand_demon_pan_entry_7, nicolae_vehumet_radiance, ebering_ghost_xom,
          hell_entry, serial_sigils, serial_sigils_hangedman_shear,
          serial_sigils_hangedman_shear, serial_sigils_hangedman_quiver,
          serial_sigils_hangedman_gut, serial_sigils_hangedman_quiver,
          dk_noncrumbling_3
Depths:3: evilmike_inaccessible_box, layout_gridville, grunt_hell_horde,
          abyss_entry, nicolae_hepliaklqana_hippocampus,
          hangedman_devilish_allure, grunt_megastairs_1,
          minmay_staircase_statues, uniq_jory, uniq_vv, uniq_parghit
Depths:4: grunt_zot_entry_pinwheel, layout_gridville, pan_entry, abyss_entry,
          hell_entry, minmay_shoptagon
Zot:1:    layout_gridlike, bh_zot_ikea_curve
Zot:2:    regret_index_zot_pan_timeshare, layout_misc_corridors,
          ebering_ghost_inner_flame
Zot:3:    layout_misc_corridors, hangedman_zot_diagonal_lockstep
Zot:4:    layout_concentric_octagons, zot_minivault_1,
          regret_index_zotdec_twisting_globes, lemuel_elevator
Zot:5:    layout_misc_corridors

Skill      XL: |  1  2  3  4  5  6  7  8  9 10 11 12 13 14 15 16 17 18 19 20 21 22 23 24 25 26 27 |
---------------+----------------------------------------------------------------------------------+-----
Axes           | 3 5 6 8 9 10 12 13 14 | 14.7
Evocations     | 2 4 5 8 11 14 | 14.5
Fighting       | 4 5 7 9 10 12 13 15 16 18 20 22 24 26 27 | 27.0
Throwing       | 1 2 4 6 7 9 10 11 12 13 14 15 16 | 16.0
Armour         | 4 6 8 11 13 14 15 16 17 18 19 20 21 22 | 22.4
Polearms       | 5 7 10 11 15 19 | 19.1
Shields        | 10 12 14 15 18 | 18.5
Dodging        | 5 8 11 14 16 | 16.5

Action                     |  1- 3 |  4- 6 |  7- 9 | 10-12 | 13-15 | 16-18 | 19-21 | 22-24 | 25-27 || total
---------------------------+-------+-------+-------+-------+-------+-------+-------+-------+-------++-------
  Melee: War axe           |    73 |   195 |   333 |   619 |       |       |       |       |       ||  1220
         Trident           |       |       |       |   269 |       |       |       |    51 |     2 ||   322
         Demon trident     |       |       |       |   156 |  1262 |   897 |  1229 |  1190 |  1167 ||  5901
         Headbutt          |       |       |       |       |       |       |    61 |   281 |   229 ||   571
         Bite              |       |       |       |       |       |       |       |   133 |   142 ||   275
  Throw: Dart              |       |       |       |     3 |       |     1 |       |       |       ||     4
         Throwing net      |       |       |       |     1 |       |       |       |       |       ||     1
         Boomerang         |       |       |       |       |     5 |     8 |    26 |    97 |   118 ||   254
         Javelin           |       |       |       |       |       |       |       |     8 |     4 ||    12
 Invoke: Trog's Hand       |       |       |       |    10 |     9 |     4 |    21 |    12 |    12 ||    68
         Berserk           |       |       |       |     2 |     1 |     2 |     2 |     2 |       ||     9
         Brothers in Arms  |       |       |       |     1 |     3 |       |     3 |     4 |     9 ||    20
  Evoke: Wand              |       |       |       |     1 |       |     3 |       |     7 |     1 ||    12
         Phantom mirror    |       |       |       |       |       |       |       |     2 |       ||     2
    Use: Potion            |       |     2 |     2 |     7 |     6 |     3 |    10 |     6 |     9 ||    45
         Scroll            |       |     4 |    12 |    10 |    12 |    16 |    10 |     9 |     8 ||    81
   Stab: Distracted        |       |       |       |       |     4 |    13 |    14 |    29 |    20 ||    80
         Invisible         |       |       |       |       |       |       |       |     1 |       ||     1
 Armour: Scale mail        |    66 |   168 |   329 |    41 |       |       |       |       |       ||   604
         Chain mail        |       |       |       |   751 |   814 |   487 |    26 |       |       ||  2078
         Pearl dragon scal |       |       |       |       |       |       |   639 |   407 |   126 ||  1172
         Plate armour      |       |       |       |       |       |       |       |       |   276 ||   276
  Dodge: Dodged            |    30 |   100 |   161 |   511 |   490 |   134 |   228 |   149 |   287 ||  2090
         Repelled          |       |       |       |       |       |       |       |       |    32 ||    32
  Block: Buckler           |    20 |    42 |    74 |   208 |   137 |       |       |       |       ||   481
         Kite shield       |       |       |       |       |   149 |   304 |   258 |       |       ||   711
         Tower shield      |       |       |       |       |       |       |   254 |   490 |   530 ||  1274

Table legend: (Time is in decaauts)
 A = Elapsed time spent in this place.
 B = Non-inter-level travel time spent in this place.
 C = Inter-level travel time spent in this place.
 D = Time resting spent in this place.
 E = Time spent auto-exploring this place.
 F = Levels seen in this place.
 G = Mean time per level.
                   A        B        C        D        E       F      G
               +--------+--------+--------+--------+--------+-----+--------+
         Total |  82484 |  73307 |   9177 |  20051 |  37785 |  51 | 1617.3 |
       Dungeon |  24131 |  19087 |   5044 |   3995 |  10812 |  15 | 1608.7 |
        Temple |     18 |      1 |     17 |      0 |      0 |   1 |   18.0 |
          Lair |   8929 |   7809 |   1120 |   1185 |   5364 |   5 | 1785.8 |
         Swamp |   7092 |   6619 |    473 |   3331 |   2226 |   4 | 1773.0 |
   Spider Nest |   6259 |   5857 |    402 |   1961 |   2756 |   4 | 1564.8 |
  Orcish Mines |   2159 |   1807 |    352 |    239 |   1142 |   2 | 1079.5 |
   Elven Halls |   5003 |   4638 |    365 |    347 |   3147 |   3 | 1667.7 |
        Vaults |  11140 |  10480 |    660 |   3420 |   4786 |   5 | 2228.0 |
        Depths |   8733 |   8198 |    535 |   3429 |   3370 |   4 | 2183.2 |
           Zot |   5583 |   5378 |    205 |    939 |   2989 |   5 | 1116.6 |
         Abyss |    215 |    215 |      0 |      0 |     56 |   1 |  215.0 |
      Ice Cave |   1549 |   1549 |      0 |    474 |    668 |   1 | 1549.0 |
      Gauntlet |   1667 |   1667 |      0 |    727 |    468 |   1 | 1667.0 |
               +--------+--------+--------+--------+--------+-----+--------+

Top non-repeatable levels by time:
 Swamp:3: 3692 daAuts
Depths:2: 3236 daAuts
Spider:3: 2527 daAuts
Vaults:4: 2501 daAuts
Vaults:5: 2499 daAuts
    D:14: 2408 daAuts
    D:15: 2367 daAuts
Depths:3: 2318 daAuts
Vaults:1: 2313 daAuts
  Lair:5: 2258 daAuts
     D:8: 2189 daAuts
Vaults:2: 2167 daAuts
  Lair:3: 2161 daAuts
Depths:4: 2002 daAuts
   Elf:2: 1982 daAuts
